 Dungeon Crawl Stone Soup version 0.24.0-37-gcf1ca852f1 (webtiles) character file.

Game seed: 1978346581677319207, levelgen mode: deterministic

326 mrkaede the Shooter (level 6, 0/75 HPs)
             Began as a Centaur Arcane Marksman on Dec 6, 2019.
             Succumbed to Crazy Yiuf's poison
             ... on level 4 of the Dungeon.
             The game lasted 00:12:49 (5305 turns).

mrkaede the Shooter (Centaur Arcane Marksman)       Turns: 5305, Time: 00:12:49

Health: 0/75       AC: 23    Str: 13    XL:     6   Next: 24%
Magic:  17/17      EV:  1    Int: 12    God:
Gold:   166        SH:  0    Dex: 11    Spells: 7/8 levels left

rFire    . . .     SeeInvis .   g - +2 dagger (venom)
rCold    . . .     Gourm    .   (no shield)
rNeg     + + +     Faith    .   (armour currently unavailable)
rPois    +         Spirit   .   (helmet currently unavailable)
rElec    .         Reflect  .   (cloak currently unavailable)
rCorr    .         Harm     .   (gloves currently unavailable)
MR       .....     NoTele   +   (no barding)
Stlth    +.........             (no amulet)
HPRegen  0.22/turn              b - ring of magical power
MPRegen  0.15/turn              (no ring)

@: lethally poisoned (0 -> -13), tree-form
A: large
a: no special abilities


You were on level 4 of the Dungeon.
You were not hungry.
You were a tree.
You visited 1 branch of the dungeon, and saw 4 of its levels.

You collected 166 gold pieces.

Inventory:

Hand Weapons
 a - a +1 shortbow
 g - a +2 dagger of venom (weapon)
Missiles
 k - 65 arrows
Armour
 e - a +0 robe
 i - a +0 pair of gloves (melded)
 l - a +0 leather armour (melded)
Jewellery
 b - a ring of magical power (left branch)
Wands
 c - a wand of flame (28)
Scrolls
 m - 2 scrolls of remove curse
Potions
 n - a potion of invisibility
Comestibles
 d - 5 chunks of flesh
 f - 3 rations


   Skills:
 + Level 2.4 Fighting
 + Level 1.5 Short Blades
 * Level 5.0 Bows
 + Level 2.3 Dodging
 + Level 1.6 Spellcasting
 + Level 3.8 Hexes


You had 7 spell levels left.
You knew the following spells:

 Your Spells              Type           Power        Failure   Level  Hunger
a - Corona                Hex            ##.....      6%          1    ##.....

Your spell library contained the following spells:

 Spells                   Type           Power        Failure   Level  Hunger
 Confusing Touch          Hex            ##....       6%          1    ##.....
 Slow                     Hex            ##......     9%          2    ###....
 Confuse                  Hex            ##......     17%         3    ####...
 Inner Flame              Hex/Fire       #.......     36%         3    ####...
 Portal Projectile        Hex/Tloc       #.....       36%         3    ####...
 Cause Fear               Hex            ##........   50%         4    #####..
 Gell's Gravitas          Tloc           #.........   63%         3    ####...
 Leda's Liquefaction      Hex/Erth       #.........   77%         4    #####..
 Petrify                  Tmut/Erth      #.......     95%         4    #####..
 Metabolic Englaciation   Hex/Ice        #.........   98%         5    ######.
 Yara's Violent Unravell  Hex/Tmut       #.........   98%         5    ######.


Dungeon Overview and Level Annotations

Branches:
Dungeon (4/15)
 Temple: D:4-7

Altars:
Ashenzari
Qazlal

Annotations:
D:2 Grinder
D:3 3 runed translucent doors, PentaManta's ghost, amateur HaHu
D:4 Eustachio


Innate Abilities, Weirdness & Mutations

((You have hooves in place of feet.))
((Armour fits poorly on your strangely shaped body.))
((You cover ground very quickly.))
((You have extremely tough skin. (AC +3)))


Message History

* * * LOW HITPOINT WARNING * * *
You are too injured to fight recklessly!
* * * LOW HITPOINT WARNING * * *
You feel sick.
You kill Crazy Yiuf!
Your Bows skill increases to level 5!
You see here a mace.
Really quaff the potion of lignification?
You turn into a tree.
Your +0 pair of gloves melds into your body.
Your +0 leather armour melds into your body.
Your roots penetrate the ground.
* * * LOW HITPOINT WARNING * * *
You feel sick.
Unknown command.
Okay, then.
There is a lethal amount of poison in your body!
* * * LOW HITPOINT WARNING * * *
You feel sick.
You die...

#...........#
####........>..#
#..............#
#.##.....#.....#
#.##############
#.# #.###♣♣♣♣♣
#.#...)♣)♣♣♣ ###
#.....P)♣)♣♣#)))#
#......♣♣♣♣)))).#
##...P♣♣ ♣♣#)))#
####♣♣ ###


There were no monsters in sight!

Vanquished Creatures
  A scorpion (D:4)
  An orc priest (D:4)
  Crazy Yiuf (D:4)
  A gnoll shaman (D:3)
  3 gnolls
  7 adders
  An ooze (D:2)
  An adder skeleton (D:4)
  A worm (D:3)
  4 dart slugs
  2 leopard geckos
  6 orcs (D:2)
  6 bats
  2 giant cockroaches
  3 goblins
  4 hobgoblins
  13 jackals
  11 kobolds
  2 ball pythons
  4 frilled lizards (D:1)
  A quokka skeleton (D:4)
  5 rats
80 creatures vanquished.

Notes
Turn   | Place    | Note
-------+----------+-------------------------------------------
     0 | D:1      | mrkaede the Centaur Arcane Marksman began the quest for the
                  | Orb.
     0 | D:1      | Reached XP level 1. HP: 16/16 MP: 2/2
   163 | D:1      | Reached XP level 2. HP: 23/23 MP: 3/3
   332 | D:1      | Reached skill level 3 in Bows
   550 | D:1      | Reached XP level 3. HP: 26/28 MP: 4/4
  1592 | D:2      | Found a faded altar of an unknown god.
  1771 | D:2      | Reached XP level 4. HP: 25/35 MP: 5/5
  1962 | D:2      | Found a shattered altar of Ashenzari.
  2390 | D:3      | Noticed a sky beast
  2608 | D:3      | Noticed PentaManta's ghost (amateur HaHu)
  2619 | D:2      | Reached skill level 4 in Bows
  3072 | D:3      | Noticed Grinder
  3652 | D:3      | Found a runed translucent gate.
  3652 | D:3      | Found a runed translucent gate.
  3652 | D:3      | Found a runed translucent gate.
  3989 | D:3      | Reached XP level 5. HP: 41/41 MP: 6/6
  4001 | D:3      | Reached skill level 1 in Short Blades
  4140 | D:3      | Found a stormy altar of Qazlal.
  4920 | D:4      | Noticed Eustachio
  4927 | D:4      | Reached XP level 6. HP: 9/48 MP: 8/8
  5292 | D:4      | Found a runed translucent door.
  5293 | D:4      | Noticed Crazy Yiuf
  5302 | D:4      | Killed Crazy Yiuf
  5302 | D:4      | Reached skill level 5 in Bows
  5303 | D:4      | HP: 3/75 [poisoned by Crazy Yiuf]
  5304 | D:4      | HP: 1/75 [poisoned by Crazy Yiuf]
  5305 | D:4      | Succumbed to Crazy Yiuf's poison

Levels and vault maps discovered:
D:1:      saegor_arrival_simple_c, layout_basic, serial_park_tiny_pond,
          chequers_serial_rivers_small_3
D:2:      wad_pebble_path, layout_basic, chequers_ecumenical_altar_simple,
          evilmike_ruin_ashenzari
D:3:      layout_rooms, grunt_qazlal_clouds, gammafunk_ghost_split, uniq_grinder
D:4:      layout_gridville, grunt_temple_overflow_champion_of_chaos,
          uniq_eustachio, uniq_crazy_yiuf_cottage

Skill      XL: |  1  2  3  4  5  6 |
---------------+-------------------+-----
Hexes          | 3 |  3.8
Bows           | 3 4 5 |  5.0
Dodging        | 2 |  2.3
Short Blades   | 1 |  1.5
Fighting       | 2 |  2.4
Spellcasting   | |  1.6

Action                   |  1- 3 |  4- 6 || total
-------------------------+-------+-------++-------
Melee: Dagger            |    51 |   125 ||   176
       Club              |    12 |       ||    12
       Kick              |     7 |    35 ||    42
       Short sword       |       |    12 ||    12
 Fire: Shortbow          |    83 |    27 ||   110
 Cast: Corona            |     9 |     3 ||    12
  Use: Scroll            |     2 |     6 ||     8
       Potion            |       |     1 ||     1
  Eat: Chunk             |     2 |     7 ||     9
       Ration            |       |     1 ||     1
Armor: Robe              |    61 |     9 ||    70
       Leather armour    |       |    49 ||    49
Dodge: Dodged            |    60 |    84 ||   144
